AoeStats
← No Atro

Highland

505969857Analyzed
4v4 RM · 20d ago on Sep 11, 2026· 48m 40s· 8 players
Game mode
Random Map
Map size
Large (8 player)
Population
200
Speed
Normal
Resources
Standard
Victory
Conquest
Starting age
Dark Age
Ending age
Imperial Age
RankedLock teamsTeams togetherTeam positionsShared explorationLock speedFull tech treeHidden civsTurbo modeCheats
Victory
Defeat
🇨🇳 Portuguese · China
1135
+11
🇨🇦 Vietnamese · Canada
1093
+13
🇩🇪 Bengalis · Germany
1061
+14
🇭🇰 Lithuanians · Hong Kong SAR China
990
+18
🇩🇪 Malay · Germany
1054
-15
🇩🇪 Mongols · Germany
1030
-14
🇪🇸 Italians · Spain
1020
-14
🇪🇸 Goths · Spain
999
-13
No Atro
10:21 Feudal Age
15:18 Castle Age
15:12 Double-Bit Axe
15:10 Horse Collar
18:11 Loom
21:33 Crossbowman
22:11 Fletching
30:05 Ballistics
31:53 Bodkin Arrow
36:39 Murder Holes
42:19 Thumb Ring
46:50 Imperial Age
45:09 Bow Saw
47:39 Arbalester
48:41 Padded Archer Armor
48:42 Bracer
hqitbkv
0:44 Loom
12:48 Feudal Age
17:24 Castle Age
16:12 Double-Bit Axe
21:46 Horse Collar
29:53 Wheelbarrow
29:21 Heavy Plow
31:51 Hand Cart
32:37 Bloodlines
36:25 Imperial Age
33:53 Gold Mining
34:20 Bow Saw
34:52 Treadmill Crane
35:48 Forging
35:44 Scale Barding Armor
35:41 Husbandry
37:30 Iron Casting
37:15 Chain Barding Armor
36:28 Cavalier
38:06 Paladin
39:31 Conscription
40:22 Plate Barding Armor
46:28 Fletching
Rettich
4:47 Loom
12:42 Feudal Age
17:20 Castle Age
16:29 Double-Bit Axe
16:54 Horse Collar
17:13 Fletching
18:57 Gold Mining
19:28 Medium Warships
19:22 Stone Mining
24:08 Ballistics
31:25 Imperial Age
29:55 Bodkin Arrow
30:01 Padded Archer Armor
30:26 Bloodlines
30:16 Husbandry
30:48 Fortified Wall
30:54 Bow Saw
31:52 Paiks
32:32 Gold Shaft Mining
33:09 Wheelbarrow
32:55 Bracer
33:51 Leather Archer Armor
33:37 Town Watch
34:09 Heavy Plow
35:41 Chemistry
36:48 Elite Elephant Archer
38:02 Ring Archer Armor
38:18 Heavy Warships
37:23 Elite Battle Elephant
38:46 Forging
38:42 Scale Barding Armor
38:12 Elite Cannon Galleon
40:12 Two-Man Saw
39:45 Crop Rotation
40:02 Mahayana
40:03 Conscription
40:23 Iron Casting
40:23 Fishing Lines
41:32 Chain Barding Armor
42:12 Blast Furnace
42:22 Masonry
42:18 Siege Engineers
43:04 Plate Barding Armor
路一司
11:38 Feudal Age
15:14 Castle Age
14:40 Gold Mining
19:43 Wheelbarrow
20:55 Hand Cart
21:50 Loom
24:52 Imperial Age
23:06 Stone Mining
26:22 Stone Shaft Mining
25:47 Treadmill Crane
33:19 Coinage
34:42 Banking
35:19 Chemistry
34:12 Guard Tower
35:04 Town Watch
36:10 Bombard Tower
36:03 Masonry
36:31 Conscription
36:13 Arquebus
37:55 Ballistics
38:28 Circumnavigation
39:23 Fortified Wall
39:43 Architecture
43:43 Double-Bit Axe
48:03 Siege Engineers
48:04 Murder Holes
Jandei
0:29 Loom
13:09 Feudal Age
12:49 Town Watch
16:00 Double-Bit Axe
17:17 Horse Collar
21:53 Castle Age
19:57 Gold Mining
20:17 Fletching
20:44 Stone Mining
22:45 Forging
22:47 Bow Saw
25:38 Gold Shaft Mining
25:08 Heavy Plow
25:43 Scale Barding Armor
31:46 Imperial Age
30:02 Husbandry
31:26 Wheelbarrow
32:28 Conscription
34:45 Iron Casting
35:21 Ballistics
39:06 Blast Furnace
39:39 Crop Rotation
39:22 Masonry
40:14 Stone Shaft Mining
40:15 Town Patrol
41:33 Elite Battle Elephant
43:18 Hand Cart
43:43 Murder Holes
Josey Wales
6:59 Loom
10:17 Feudal Age
10:53 Double-Bit Axe
12:33 Horse Collar
17:16 Wheelbarrow
19:32 Castle Age
21:10 Heavy Plow
22:26 Fletching
22:36 Padded Archer Armor
23:48 Bow Saw
23:23 Pikeman
24:12 Stone Mining
25:19 Bodkin Arrow
27:04 Gold Mining
27:50 Stone Shaft Mining
28:47 Gold Shaft Mining
28:48 Leather Archer Armor
30:06 Hand Cart
33:51 Imperial Age
33:05 Scale Barding Armor
33:11 Forging
33:13 Bloodlines
34:35 Onager
34:52 Light Cavalry
35:34 Husbandry
36:34 Chain Barding Armor
36:50 Iron Casting
36:21 Bracer
36:46 Ballistics
37:28 Chemistry
37:03 Parthian Tactics
37:05 Thumb Ring
37:42 Elite Mangudai
39:02 Iron Casting
39:38 Conscription
39:07 Siege Onager
41:57 Blast Furnace
41:49 Squires
41:34 Arson
44:41 Nomads
45:03 Drill
44:58 Scale Mail Armor
chupi3333
3:57 Loom
11:32 Feudal Age
12:13 Double-Bit Axe
13:08 Horse Collar
13:33 Town Watch
16:46 Wheelbarrow
16:10 Fletching
18:51 Padded Archer Armor
21:09 Gold Mining
21:15 Stone Mining
23:52 Castle Age
25:22 Bow Saw
26:53 Heavy Plow
28:18 Hand Cart
28:15 Thumb Ring
28:07 Bodkin Arrow
28:28 Leather Archer Armor
29:16 Ballistics
29:08 Masonry
30:05 Elite Skirmisher
35:39 Imperial Age
37:26 Fortified Wall
38:17 Chemistry
41:18 Conscription
41:49 Crop Rotation
42:09 Bracer
42:40 Ring Archer Armor
43:32 Architecture
42:59 Murder Holes
42:45 Treadmill Crane
42:35 Elite Genoese Crossbowman
45:56 Silk Road
45:41 Caravan
46:12 Coinage
FelipeII
0:54 Loom
11:04 Feudal Age
11:42 Horse Collar
11:52 Double-Bit Axe
17:27 Gold Mining
17:29 Stone Mining
24:01 Castle Age
24:23 Forging
24:14 Scale Mail Armor
25:32 Bow Saw
25:26 Heavy Plow
26:14 Stone Shaft Mining
26:21 Town Watch
28:58 Pikeman
29:40 Squires
29:04 Man-at-Arms
29:56 Caravan
31:28 Anarchy
35:11 Chain Mail Armor
35:31 Iron Casting
40:00 Imperial Age
38:32 Wheelbarrow
38:12 Town Patrol
40:46 Perfusion
41:07 Conscription
40:09 Elite Huskarl
41:23 Crop Rotation
41:57 Two-Man Saw
41:18 Hand Cart
42:06 Coinage
41:46 Guilds
41:15 Halberdier
42:33 Sappers
46:01 Blast Furnace
Connection lost

Rejoining the realm…

Still unreachable

The connection could not be restored.

Session expired

The server has moved on; the page needs a fresh start.